cohdb
Replays
Latest Replays
All Replays
Popular Replays
Top Player Replays
Match Explorer
How It Works
Community
CoH3 Stats
Reddit
Sign in to upload your games and track your stats! →
Sign in with Steam
Match 42961327
Unlisted
Match 42961327
Overview
Messages
Build Orders
End
Construct Barracks
Engineer Squad
Selects Armored Battlegroup
Engineer Squad
Selects Assault Engineers
Riflemen Squad
Construct Medical Station
Construct Weapon Support Center
M1 Mortar Team
Selects M31 Recovery Vehicle
Infantry Support Center
Riflemen Squad
Bazooka Squad
Bazooka Squad
Improved M9 Bazooka Rockets
Construct Motor Pool
Selects War Machine
Selects Strength in Steel
Advanced Logistics
Grenade Package
M1918 Browning Automatic Rifles
Selects Seek and Destroy
Survival Training
Construct Tank Depot
roshawnkne
poppe
Guderian ITA
Fajolada
0
0
Comments
sign in to comment!
No comments posted yet!